 Dungeon Crawl Stone Soup version 0.31-a0-1204-ge2c1a860ed (webtiles) character file.

Game seed: 6813836037692647335

455 backslashecho the Insei (level 7, -2/78 HPs)
             Began as a Meteoran Shapeshifter on Dec 12, 2023.
             Was a Priest of Uskayaw.
             Slain by an unseen horror (8 damage)
             ... on level 5 of the Dungeon.
             The game lasted 00:07:18 (1233 turns).

backslashecho the Insei (Meteoran Shapeshifter)     Turns: 1233, Time: 00:07:18

Health: -2/78      AC: 23    Str: 15    XL:     7   Next: 51%
Magic:  9/9        EV:  2    Int: 12    God:    Uskayaw [***...]
Gold:   94         SH:  0    Dex: 16    Spells: 6/6 levels left

rFire   . .          .
                       - Unarmed
rCold   . . .        (no shield)
rNeg    . . .        a - melded +0 animal skin
rPois   +            (helmet currently unavailable)
rElec   .            (cloak currently unavailable)
rCorr   .            (gloves currently unavailable)
SInv    .            (boots currently unavailable)
Will    .....        (no amulet)
Stlth   +            (no ring)
HPRegen 0.33/turn    (no ring)
MPRegen 0.11/turn

%: no passive effects
@: tree-form (expiring), attractive, glowing
A: stationary, stasis, torment immunity, boosted hp, sense surroundings 1,
otherworldly, glowing, explore regen
a: Renounce Religion, Stomp, Line Pass


You were on level 5 of the Dungeon.
You worshipped Uskayaw.
Uskayaw was noncommittal.
You were a tree.
You visited 1 branch of the dungeon, and saw 5 of its levels.

You collected 94 gold pieces.

Inventory:

Missiles
 f - a throwing net
Armour
 a - a +0 animal skin (melded)
 i - a +0 helmet
 k - a +0 pair of boots
Jewellery
 h - a ring of ice
Talismans
 c - a beast talisman
 d - a flux talisman
 n - a maw talisman
Scrolls
 e - 4 scrolls of identify {unknown}
 g - a scroll of poison {unknown}
 j - a scroll of noise {unknown}
 l - a scroll of revelation {unknown}
 o - a scroll of teleportation {unknown}
 q - a scroll of amnesia {unknown}
 r - a scroll of fear {unknown}
Potions
 p - a potion of cancellation {unknown}


   Skills:
 - Level 1.1 Fighting
 - Level 2.1 Dodging
 * Level 7.7 Unarmed Combat
 + Level 1.8 Invocations
 + Level 5.6 Shapeshifting


You had 6 spell levels left.
You didn't know any spells.
Your spell library contained the following spells:

 Spells                   Type           Power      Damage    Failure   Level
 Sublimation of Blood     Necr           0%         N/A       45%         2
 Petrify                  Tmut/Erth      0%         N/A       97%         4
 Irradiate                Conj/Tmut      0%         3d11      100%        5


Dungeon Overview and Level Annotations

Branches:
Dungeon (5/15) Zot: 1784
 Temple: D:4-7

Altars:
Uskayaw

Shops:
D:1 *

Annotations:
D:3 Grinder


Innate Abilities, Weirdness & Mutations

You are a tree.
Your roots penetrate the ground, keeping you stationary.
You cannot be teleported.
You are immune to unholy pain and torment.
Your maximum health is greatly increased.
Your equipment is partially melded.
You passively map a small area around you.
You are easily found by Zot.
You glow in the dark.
You regain HP and MP as you explore.


Message History

You barely miss the orc. Something hits you but does no damage.
The orc hits you but does no damage.
You closely miss the orc. Something hits you.
* * * LOW HITPOINT WARNING * * *
Something hits you but does no damage. The orc barely misses you.
The orc hits you but does no damage.
You take 2 damage, and have 12/78 hp.
You barely miss the orc.
You kill the orc!
You punch the orc!
You kill the orc!
Something completely misses you.
You aren't carrying any items that you can evoke.
Unknown command.
You swing at nothing.
You smack something!
Something hits you but does no damage.
You can now merge with and destroy a victim.
You swing at nothing.
Something hits you but does no damage.
You swing at nothing.
MP restored: 9 You swing at nothing.
You closely miss something. Something hits you but does no damage.
You can no longer merge with and destroy a victim.
You aren't carrying any items that you can evoke.
You swing at nothing.
Your transformation is almost over.
Something hits you but does no damage. Something hits you.
* * * LOW HITPOINT WARNING * * *
You take 5 damage, and have 9/78 hp.
You closely miss something. Something hits you but does no damage.
You swing at nothing.
You swing at nothing.
Something hits you but does no damage.
You swing at nothing.
Something hits you but does no damage.
You swing at nothing.
Uskayaw prepares the audience for your solo!
You swing at nothing.
You hit something. Something hits you.
* * * LOW HITPOINT WARNING * * *
You take 5 damage, and have 6/78 hp.
It was a potion of attraction.
You feel attractive to monsters.
You completely miss something. Something hits you but does no damage.
Something is attracted toward you.
You smack something!
Something hits you.
* * * LOW HITPOINT WARNING * * *
Something is attracted toward you.
Uskayaw will force your foes to helplessly watch your dance.
You take 2 damage, and have 5/78 hp.
You miss something. Something hits you!
You die...

, ...#........
..#..!..... ,
####..........
#............. ,
#............. ,
##.............
, ,
#.......§......,
*
#...)).........
*
#...)♣##.......
#...)## .......
* * #.....#
....... ,
###.... ##.....
###.!.,, ..... *
, ###oo,,..... ,


oo$ .... * , , ...# , There were no monsters in sight!

Vanquished Creatures
  An ice beast (D:5)
  An ogre (D:4)
  A jelly (D:4)
  An orc priest (D:3)
  An iguana (D:4)
  3 orc wizards
  Robin (D:2)
  3 adders
  2 dart slugs
  6 orcs
  3 bats
  5 endoplasms
  A giant cockroach (D:2)
  20 goblins
  7 hobgoblins
  2 jackals (D:1)
  3 kobolds
  5 quokkas
  6 ball pythons
  A frilled lizard (D:3)
  2 rats
75 creatures vanquished.

Notes
Turn   | Place    | Note
-------+----------+-------------------------------------------
     0 | D:1      | backslashecho the Meteoran Shapeshifter began the quest for
                  | the Orb.
     0 | D:1      | Reached XP level 1. HP: 16/16 MP: 2/2
    28 | D:1      | Found a faded altar of an unknown god.
    37 | D:1      | Prayed at the altar of an unknown god.
    37 | D:1      | Became a worshipper of Uskayaw the Reveller
    37 | D:1      | Reached * piety under Uskayaw
   178 | D:1      | Found Zoh Xop's General Store.
   190 | D:1      | Reached skill level 4 in Unarmed Combat
   190 | D:1      | Reached XP level 2. HP: 23/23 MP: 3/3
   191 | D:1      | Reached ** piety under Uskayaw
   330 | D:1      | Reached XP level 3. HP: 28/28 MP: 4/4
   454 | D:2      | Reached *** piety under Uskayaw
   572 | D:2      | Reached **** piety under Uskayaw
   592 | D:2      | Reached XP level 4. HP: 30/35 MP: 5/5
   627 | D:2      | Noticed Robin
   635 | D:2      | Killed Robin
   636 | D:2      | Reached skill level 5 in Unarmed Combat
   794 | D:3      | Reached XP level 5. HP: 40/40 MP: 6/6
   888 | D:3      | Reached skill level 6 in Unarmed Combat
   894 | D:3      | Reached ***** piety under Uskayaw
   914 | D:3      | Reached XP level 6. HP: 47/47 MP: 7/7
   937 | D:3      | Noticed Grinder
   945 | D:3      | Paralysed by Grinder for 2 turns
   994 | D:5      | Entered Level 5 of the Dungeon
  1011 | D:4      | Reached skill level 5 in Shapeshifting
  1023 | D:4      | Noticed an ogre
  1038 | D:4      | Killed an ogre
  1039 | D:4      | Reached skill level 7 in Unarmed Combat
  1153 | D:4      | Reached XP level 7. HP: 52/52 MP: 8/8
  1182 | D:4      | You fall into a shaft and drop 1 floor!
  1209 | D:5      | Reached skill level 1 in Invocations
  1233 | D:5      | Slain by an unseen horror

Illustrated notes

Levels and vault maps discovered:
D:1:      lightli_arrival_noodles, layout_basic,
          shapermc_ecumenical_altar_mp_urbaneastern, serial_shops, shop
D:2:      layout_basic, hangedman_feature_mirror, grunt_decor_fettered,
          minmay_surrounded, uniq_robin
D:3:      layout_rooms, uniq_grinder, uniq_ijyb
D:4:      layout_gridville, grunt_temple_overflow_open, minivault_14,
          feat_on_display
D:5:      layout_cave_pools, minmay_temple_entry_glassed_door,
          uniq_crazy_yiuf_cottage

Skill      XL: |  1  2  3  4  5  6  7 |
---------------+----------------------+-----
Unarmed Combat | 4 5 6 7 |  7.7
Shapeshifting  | 4 5 |  5.6
Invocations    | 1 |  1.8
Fighting       | |  1.1
Dodging        | |  2.1

Action                     |  1- 3 |  4- 6 |  7- 9 || total
---------------------------+-------+-------+-------++-------
  Melee: Unarmed           |    57 |    88 |    33 ||   178
         Punch             |     1 |     2 |     3 ||     6
  Throw: Throwing net      |       |     1 |       ||     1
    Use: Potion            |       |       |     2 ||     2
   Stab: Paralysed         |     1 |     2 |     1 ||     4
         Held in net/web   |       |     2 |       ||     2
 Armour: Animal skin       |    24 |    21 |     6 ||    51
         Skin              |       |       |    43 ||    43
  Dodge: Dodged            |    21 |    37 |    13 ||    71

Table legend: (Time is in decaauts)
 A = Elapsed time spent in this place.
 B = Non-inter-level travel time spent in this place.
 C = Inter-level travel time spent in this place.
 D = Time resting spent in this place.
 E = Time spent auto-exploring this place.
 F = Levels seen in this place.
 G = Mean time per level.
                   A        B        C        D        E       F      G
               +--------+--------+--------+--------+--------+-----+--------+
         Total |   1214 |   1192 |     22 |    183 |    230 |   5 |  242.8 |
       Dungeon |   1214 |   1192 |     22 |    183 |    230 |   5 |  242.8 |
               +--------+--------+--------+--------+--------+-----+--------+

Top non-repeatable levels by time:
     D:1: 391 daAuts
     D:2: 372 daAuts
     D:4: 228 daAuts
     D:3: 175 daAuts
     D:5: 47 daAuts
